| TOP OF THE 1ST |
|
Redlands East Valley Wildcats batting - Pitching for University of Nebraska Cornhuskers : RHP Santos Arevalo
|
|
Pitching: RHP Santos Arevalo
|
|
|
Batting: LHB Jim Snell
|
0-0: Ball 1-0: Swinging Strike 1-1: Ball 2-1: Ball 3-1: SINGLE (Flyball, 3D, EV 91.3 MPH)
|
|
Batting: SHB Jonathan Jacob
|
0-0: Called Strike 0-1: Fielders Choice at 2nd, 6-4 (Groundball, 6, EV 82.5 MPH)
|
|
Batting: LHB Eddie Montiel
|
0-0: Ball 1-0: Ball Jonathan Jacob is caught stealing 2nd base 2-6 2-0: Called Strike 2-1: Fly out, F9 (Flyball, 89S, EV 93.8 MPH)
|
| Top of the 1st over - 0 runs, 1 hit, 0 errors, 0 left on base; Redlands East Valley 0 - University of Nebraska 0 |
| BOTTOM OF THE 1ST |
|
University of Nebraska Cornhuskers batting - Pitching for Redlands East Valley Wildcats : RHP Adhamhnan Muljana
|
|
Pitching: RHP Adhamhnan Muljana
|
|
|
Batting: RHB Mario Lopec
|
0-0: SINGLE (Line Drive, 9S, EV 101.3 MPH)
|
|
Batting: SHB Gary Luckwell
|
0-0: Called Strike 0-1: Foul Ball, location: 25FF 0-2: Fielders Choice at 2nd, 4-6 (Groundball, 4, EV 85.6 MPH)
|
|
Batting: LHB Mike Rawson
|
0-0: Called Strike Gary Luckwell steals 2nd base 0-1: Foul Ball, location: 2F 0-2: Foul Ball, location: 5F 0-2: Ball 1-2: Ball 2-2: Ball 3-2: Ground out 4-3 (Groundball, 4, EV 81.3 MPH) Gary Luckwell to third
|
|
Batting: LHB David Sigmon
|
0-0: Called Strike 0-1: Ball 1-1: Ball 2-1: Foul Ball, location: 3F 2-2: Strikes out swinging
|
| Bottom of the 1st over - 0 runs, 1 hit, 0 errors, 1 left on base; Redlands East Valley 0 - University of Nebraska 0 |
| TOP OF THE 2ND |
|
Redlands East Valley Wildcats batting - Pitching for University of Nebraska Cornhuskers : RHP Santos Arevalo
|
|
Batting: LHB B.J. Ferguson
|
0-0: Ball 1-0: Foul Ball, location: 25F 1-1: Swinging Strike 1-2: Ball 2-2: Foul Ball, location: 2F 2-2: Ball 3-2: Strikes out swinging
|
|
Batting: SHB Jason Pugh
|
0-0: Ball 1-0: Foul Ball, location: 2F 1-1: SINGLE (Groundball, P, EV 85.6 MPH) (infield hit)
|
|
Batting: RHB Takayashi Hori
|
0-0: Called Strike 0-1: SINGLE (Groundball, 34D, EV 105.0 MPH) Jason Pugh to second Runner from 2nd tries for 3rd, OUT! 9-5
|
|
Batting: RHB Alex Freyre
|
0-0: Called Strike 0-1: Swinging Strike 0-2: Strikes out looking
|
| Top of the 2nd over - 0 runs, 2 hits, 0 errors, 1 left on base; Redlands East Valley 0 - University of Nebraska 0 |
| BOTTOM OF THE 2ND |
|
University of Nebraska Cornhuskers batting - Pitching for Redlands East Valley Wildcats : RHP Adhamhnan Muljana
|
|
Batting: RHB Matt Peters
|
0-0: Ball 1-0: Swinging Strike 1-1: Ball 2-1: Ball 3-1: Swinging Strike 3-2: Foul Ball, location: 9LDF 3-2: Strikes out looking
|
|
Batting: SHB Andy Henn
|
0-0: Ground out 6-3 (Groundball, 6, EV 81.3 MPH)
|
|
Batting: RHB Carlos Salazar
|
0-0: Called Strike 0-1: Ball 1-1: Ball 2-1: Swinging Strike 2-2: Fly out, F8 (Flyball, 8RD, EV 110.6 MPH)
|
| Bottom of the 2nd over - 0 runs, 0 hits, 0 errors, 0 left on base; Redlands East Valley 0 - University of Nebraska 0 |
| TOP OF THE 3RD |
|
Redlands East Valley Wildcats batting - Pitching for University of Nebraska Cornhuskers : RHP Santos Arevalo
|
|
Batting: RHB Jeremy Evans
|
0-0: Ball 1-0: Swinging Strike 1-1: Ball 2-1: Fly out, F7 (Flyball, 7LM, EV 84.4 MPH)
|
|
Batting: RHB Jim Cahan
|
0-0: Ball 1-0: Swinging Strike 1-1: Ball 2-1: Fly out, F8 (Flyball, 8LM, EV 91.3 MPH)
|
|
Batting: LHB Jim Snell
|
0-0: Ground out 6-3 (Groundball, 6, EV 86.3 MPH)
|
| Top of the 3rd over - 0 runs, 0 hits, 0 errors, 0 left on base; Redlands East Valley 0 - University of Nebraska 0 |
| BOTTOM OF THE 3RD |
|
University of Nebraska Cornhuskers batting - Pitching for Redlands East Valley Wildcats : RHP Adhamhnan Muljana
|
|
Batting: RHB Alex Garcia
|
0-0: Called Strike 0-1: Foul Ball, location: 9LSF 0-2: Ball 1-2: Strikes out looking
|
|
Batting: LHB Kevin Brannon
|
0-0: Called Strike 0-1: Ball 1-1: Foul Ball, location: 7LMF 1-2: Ball 2-2: Strikes out swinging
|
|
Batting: RHB Mario Lopec
|
0-0: Swinging Strike 0-1: Ground out 6-3 (Groundball, 6, EV 100.0 MPH)
|
| Bottom of the 3rd over - 0 runs, 0 hits, 0 errors, 0 left on base; Redlands East Valley 0 - University of Nebraska 0 |
| TOP OF THE 4TH |
|
Redlands East Valley Wildcats batting - Pitching for University of Nebraska Cornhuskers : RHP Santos Arevalo
|
|
Batting: SHB Jonathan Jacob
|
0-0: Foul Ball, location: 3DF 0-1: Ball 1-1: Ground out U3 (Groundball, 34, EV 82.5 MPH)
|
|
Batting: LHB Eddie Montiel
|
0-0: Foul Ball, location: 2F 0-1: Foul Ball, location: 2F 0-2: SINGLE (Groundball, 4MD, EV 103.8 MPH)
|
|
Batting: LHB B.J. Ferguson
|
0-0: Grounds into double play, 6-4-3 (Groundball, 6, EV 103.8 MPH)
|
| Top of the 4th over - 0 runs, 1 hit, 0 errors, 0 left on base; Redlands East Valley 0 - University of Nebraska 0 |
| BOTTOM OF THE 4TH |
|
University of Nebraska Cornhuskers batting - Pitching for Redlands East Valley Wildcats : RHP Adhamhnan Muljana
|
|
Batting: SHB Gary Luckwell
|
0-0: Foul Ball, location: 5SF 0-1: Swinging Strike 0-2: Strikes out swinging
|
|
Batting: LHB Mike Rawson
|
0-0: Ground out 6-3 (Groundball, 6, EV 89.4 MPH)
|
|
Batting: LHB David Sigmon
|
0-0: Ball 1-0: Ball 2-0: Called Strike 2-1: Ball 3-1: Base on Balls
|
|
Batting: RHB Matt Peters
|
0-0: Ball 1-0: Called Strike 1-1: Foul Ball, location: 7LMF 1-2: Foul Ball, location: 3FF 1-2: Strikes out swinging
|
| Bottom of the 4th over - 0 runs, 0 hits, 0 errors, 1 left on base; Redlands East Valley 0 - University of Nebraska 0 |
| TOP OF THE 5TH |
|
Redlands East Valley Wildcats batting - Pitching for University of Nebraska Cornhuskers : RHP Santos Arevalo
|
|
Batting: SHB Jason Pugh
|
0-0: Ball 1-0: Called Strike 1-1: Called Strike 1-2: Strikes out swinging
|
|
Batting: RHB Takayashi Hori
|
0-0: SINGLE (Groundball, 4D, EV 105.0 MPH)
|
|
Batting: RHB Alex Freyre
|
0-0: Ball 1-0: Called Strike 1-1: Ball 2-1: Ball 3-1: Fly out, F7 (Flyball, 78M, EV 93.1 MPH)
|
|
Batting: RHB Jeremy Evans
|
0-0: Ball 1-0: Fly out, F8 (Line Drive, 8RM, EV 94.4 MPH)
|
| Top of the 5th over - 0 runs, 1 hit, 0 errors, 1 left on base; Redlands East Valley 0 - University of Nebraska 0 |
| BOTTOM OF THE 5TH |
|
University of Nebraska Cornhuskers batting - Pitching for Redlands East Valley Wildcats : RHP Adhamhnan Muljana
|
|
Batting: SHB Andy Henn
|
0-0: Fly out, F8 (Flyball, 8RM, EV 90.6 MPH)
|
|
Batting: RHB Carlos Salazar
|
0-0: Foul Ball, location: 9LDF 0-1: Ball 1-1: Foul Ball, location: 2F 1-2: Ground out 6-3 (Groundball, 6, EV 78.8 MPH)
|
|
Batting: RHB Alex Garcia
|
0-0: Called Strike 0-1: Foul Ball, location: 2F 0-2: Foul Ball, location: 3F 0-2: Ball 1-2: Fly out, F3 (Popup, 3DF, EV 66.9 MPH)
|
| Bottom of the 5th over - 0 runs, 0 hits, 0 errors, 0 left on base; Redlands East Valley 0 - University of Nebraska 0 |
| TOP OF THE 6TH |
|
Redlands East Valley Wildcats batting - Pitching for University of Nebraska Cornhuskers : RHP Santos Arevalo
|
|
Batting: RHB Jim Cahan
|
0-0: Ball 1-0: Ball 2-0: Ball 3-0: Called Strike 3-1: Foul Ball, location: 7LMF 3-2: Strikes out looking
|
|
Batting: LHB Jim Snell
|
0-0: Swinging Strike 0-1: Ball 1-1: Ball 2-1: Foul Ball, location: 2F 2-2: Foul Ball, location: 7LMF 2-2: Ball 3-2: Foul Ball, location: 9LDF 3-2: Foul Ball, location: 2F 3-2: Foul Ball, location: 2F 3-2: DOUBLE (Line Drive, 78D, EV 106.9 MPH)
|
|
Batting: SHB Jonathan Jacob
|
0-0: Ground out 4-3 (Groundball, 34, EV 102.5 MPH) Jim Snell to third
|
|
Batting: LHB Eddie Montiel
|
0-0: Reached on error, E6 (Groundball, 56, EV 81.9 MPH) Jim Snell scores
|
|
Batting: LHB B.J. Ferguson
|
0-0: Ground out U3 (Groundball, 3L, EV 101.9 MPH)
|
| Top of the 6th over - 1 run, 1 hit, 1 error, 1 left on base; Redlands East Valley 1 - University of Nebraska 0 |
| BOTTOM OF THE 6TH |
|
University of Nebraska Cornhuskers batting - Pitching for Redlands East Valley Wildcats : RHP Adhamhnan Muljana
|
|
Batting: LHB Kevin Brannon
|
0-0: Foul Ball, location: 3DF 0-1: SINGLE (Groundball, 6MD, EV 104.4 MPH)
|
|
Batting: RHB Mario Lopec
|
0-0: Called Strike 0-1: Ball 1-1: Swinging Strike 1-2: Foul Ball, location: 9LSF 1-2: SINGLE (Line Drive, 7LS, EV 103.8 MPH) Kevin Brannon to second
|
|
Batting: SHB Gary Luckwell
|
0-0: Ball Wild Pitch! Kevin Brannon to third Mario Lopec to second 1-0: Swinging Strike 1-1: Ball 2-1: Ball 3-1: Fly out, F9 (Flyball, 9, EV 83.8 MPH) Runner from 3rd tags up, SCORES, throw by RF
|
|
Batting: LHB Mike Rawson
|
0-0: Intentional Walk
|
|
Batting: LHB David Sigmon
|
0-0: Grounds into double play, 4-6-3 (Groundball, 4, EV 80.0 MPH)
|
| Bottom of the 6th over - 1 run, 2 hits, 0 errors, 1 left on base; Redlands East Valley 1 - University of Nebraska 1 |
| TOP OF THE 7TH |
|
Redlands East Valley Wildcats batting - Pitching for University of Nebraska Cornhuskers : RHP Santos Arevalo
|
|
Batting: SHB Jason Pugh
|
0-0: Swinging Strike 0-1: Ball 1-1: Fly out, F8 (Line Drive, 8LD, EV 88.8 MPH)
|
|
Batting: RHB Takayashi Hori
|
0-0: Ball 1-0: SINGLE (Groundball, 56D, EV 105.0 MPH)
|
|
Pitching: RHP Felix Amaro
|
|
|
Pinch Hitting: LHB John Blumberg
|
0-0: Ball 1-0: Foul Ball, location: 25F 1-1: Ball Takayashi Hori is caught stealing 2nd base 2-6 2-1: Ball 3-1: Base on Balls
|
|
Batting: RHB Jeremy Evans
|
0-0: Ball 1-0: SINGLE (Groundball, 4MD, EV 77.5 MPH) (infield hit) John Blumberg to second
|
|
Batting: RHB Jim Cahan
|
0-0: Called Strike 0-1: SINGLE (Groundball, 4D, EV 110.6 MPH) John Blumberg to third Jeremy Evans to second
|
|
Pitching: LHP Peter Parker
|
|
|
Batting: LHB Jim Snell
|
0-0: Ball 1-0: Swinging Strike 1-1: Foul Ball, location: 7LMF 1-2: Strikes out swinging
|
| Top of the 7th over - 0 runs, 3 hits, 0 errors, 3 left on base; Redlands East Valley 1 - University of Nebraska 1 |
| BOTTOM OF THE 7TH |
|
University of Nebraska Cornhuskers batting - Pitching for Redlands East Valley Wildcats : RHP Adhamhnan Muljana
|
|
Now in CF: Steve Lane
|
|
|
Batting: LHB Bob Appleby
|
0-0: DOUBLE (Line Drive, 89XD, EV 103.1 MPH)
|
|
Batting: SHB Andy Henn
|
0-0: Intentional Walk
|
|
Batting: RHB Carlos Salazar
|
0-0: Sac Bunt to P - play at first, batter OUT! 1-4 Bob Appleby to third Andy Henn to second
|
|
Batting: RHB Alex Garcia
|
0-0: Intentional Walk
|
|
Batting: LHB Kevin Brannon
|
0-0: Foul Ball, location: 25FF 0-1: Called Strike 0-2: Ball 1-2: Fly out, F7 (Line Drive, 7, EV 90.0 MPH) Runner from 3rd tags up, OUT at HOME! 7-2
|
| Bottom of the 7th over - 0 runs, 1 hit, 0 errors, 2 left on base; Redlands East Valley 1 - University of Nebraska 1 |
| TOP OF THE 8TH |
|
Redlands East Valley Wildcats batting - Pitching for University of Nebraska Cornhuskers : LHP Peter Parker
|
|
Pitching: RHP Jimmy Fritcher
|
|
|
Batting: SHB Jonathan Jacob
|
0-0: Called Strike 0-1: Swinging Strike 0-2: Ball 1-2: Ball 2-2: Foul Ball, location: 2F 2-2: Strikes out swinging
|
|
Batting: LHB Eddie Montiel
|
0-0: Ball 1-0: Ball 2-0: Ball 3-0: Called Strike 3-1: Called Strike 3-2: Ground out 5-3 (Groundball, 5, EV 80.0 MPH)
|
|
Batting: LHB B.J. Ferguson
|
0-0: Ball 1-0: Ground out U3 (Groundball, 3L, EV 101.3 MPH)
|
| Top of the 8th over - 0 runs, 0 hits, 0 errors, 0 left on base; Redlands East Valley 1 - University of Nebraska 1 |
| BOTTOM OF THE 8TH |
|
University of Nebraska Cornhuskers batting - Pitching for Redlands East Valley Wildcats : RHP Adhamhnan Muljana
|
|
Batting: RHB Mario Lopec
|
0-0: Ground out 6-3 (Groundball, 6, EV 100.6 MPH)
|
|
Batting: SHB Gary Luckwell
|
0-0: Ball 1-0: Swinging Strike 1-1: Fly out, F7 (Flyball, 7S, EV 90.6 MPH)
|
|
Batting: LHB Mike Rawson
|
0-0: Swinging Strike 0-1: Foul Ball, location: 2F 0-2: Foul Ball, location: 2F 0-2: Ball 1-2: SINGLE (Groundball, 6, EV 83.8 MPH)
|
|
Batting: LHB David Sigmon
|
0-0: Ball 1-0: Ball Mike Rawson is caught stealing 2nd base 2-6
|
| Bottom of the 8th over - 0 runs, 1 hit, 0 errors, 0 left on base; Redlands East Valley 1 - University of Nebraska 1 |
| TOP OF THE 9TH |
|
Redlands East Valley Wildcats batting - Pitching for University of Nebraska Cornhuskers : RHP Jimmy Fritcher
|
|
Pitching: RHP Harry Harper
|
|
|
Batting: SHB Jason Pugh
|
0-0: Ball 1-0: Called Strike 1-1: Called Strike 1-2: Strikes out swinging
|
|
Batting: RHB Takayashi Hori
|
0-0: Ground out 5-3 (Groundball, 56, EV 93.8 MPH)
|
|
Batting: LHB Steve Lane
|
0-0: Ball 1-0: Ball 2-0: Ball 3-0: Base on Balls
|
|
Batting: RHB Jeremy Evans
|
0-0: Ball 1-0: Fly out, F9 (Flyball, 89M, EV 78.1 MPH)
|
| Top of the 9th over - 0 runs, 0 hits, 0 errors, 1 left on base; Redlands East Valley 1 - University of Nebraska 1 |
| BOTTOM OF THE 9TH |
|
University of Nebraska Cornhuskers batting - Pitching for Redlands East Valley Wildcats : RHP Adhamhnan Muljana
|
|
Batting: LHB David Sigmon
|
0-0: DOUBLE (Line Drive, 5D, EV 99.4 MPH)
|
|
Batting: LHB Bob Appleby
|
0-0: Intentional Walk
|
|
Batting: SHB Andy Henn
|
0-0: Sac Bunt to 25 - play at first, batter OUT! 5-4 David Sigmon to third Bob Appleby to second
|
|
Batting: RHB Carlos Salazar
|
0-0: Intentional Walk
|
|
Batting: RHB Alex Garcia
|
0-0: Grounds into fielders choice 4-2 (Groundball, 4MS, EV 73.8 MPH) Bob Appleby to third Carlos Salazar to second
|
|
Batting: LHB Kevin Brannon
|
0-0: Ball 1-0: GRAND SLAM HOME RUN (Flyball, 89XD, EV 98.1 MPH), Distance : 402 ft
|
| Bottom of the 9th over - 4 runs, 2 hits, 0 errors, 0 left on base; Redlands East Valley 1 - University of Nebraska 5 |
|